cohdb
Replays
Latest Replays
All Replays
Popular Replays
Top Player Replays
Match Explorer
How It Works
Community
CoH3 Stats
Reddit
Sign in to upload your games and track your stats! →
Sign in with Steam
Match 38232417
Unlisted
Match 38232417
Overview
Messages
Build Orders
End
Royal Engineer Section
Construct Section Command Post
Selects Heavy Armor Battlegroup
Dingo Light Scout Car
Infantry Section
Vickers Machine Gun Team
Construct Platoon Command Post
ML 3-inch Mortar Team
Humber Armored Car
Construct Field Infirmary
6-pounder Anti-tank Gun Team
Selects Engineer Detachments
Selects Light Vehicle Withdraw and Refit
Selects Radio Net
Infantry Section
Royal Engineer Section
ML 3-inch Mortar Team
Infantry Section
Selects Designate Targets
Construct Company Command Post
6-pounder Anti-tank Gun Team
Infantry Training
Selects Crusader AA Medium Tank
Selects UNKNOWN (2162094)
Churchill IV Heavy Tank
Grenade Package
Armored Vehicle Training
Foot Guards Section
Royal Engineer Section
Wrathment
SS20132013
0
0
Comments
sign in to comment!
No comments posted yet!